 Dungeon Crawl Stone Soup version 0.22.0-5-gf09313c8f9 (webtiles) character file.

583 Peloso the Shield-Bearer (level 7, 0/61 HPs)
             Began as a Minotaur Fighter on Aug 14, 2018.
             Killed by divine providence
             ... invoked by an orc priest
              (10 damage)
             ... on level 4 of the Dungeon.
             The game lasted 00:06:36 (3831 turns).

Peloso the Shield-Bearer (Minotaur Fighter)         Turns: 3831, Time: 00:06:37

Health: 0/61       AC:  7    Str: 21    XL:     7   Next: 14%
Magic:  6/6        EV:  9    Int:  5    God:
Gold:   245        SH: 10    Dex: 11    Spells: 6/6 levels left

rFire    . . .     SeeInvis .   a - +0 long sword
rCold    . . .     Gourm    +   c - +0 shield
rNeg     . . .     Faith    .   b - +0 scale mail
rPois    .         Spirit   .   (helmet restricted)
rElec    .         Reflect  .   (no cloak)
rCorr    .         Harm     .   (no gloves)
MR       .....                  (no boots)
Stlth    ..........             n - amulet of the gourmand
HPRegen  0.20/turn              (no ring)
MPRegen  0.10/turn              (no ring)

@: lethally poisoned (0 -> -1)
A: retaliatory headbutt, horns 2
a: no special abilities


You were on level 4 of the Dungeon.
You were very full.

You visited 1 branch of the dungeon, and saw 4 of its levels.

You collected 245 gold pieces.

Inventory:

Hand Weapons
 a - a +0 long sword (weapon)
Armour
 b - a +0 scale mail (worn)
 c - a +0 shield (worn)
Jewellery
 g - an uncursed amulet of faith
 n - an amulet of the gourmand (around neck)
Wands
 v - a wand of flame (13)
Scrolls
 e - a scroll of remove curse {unknown}
 i - a scroll of magic mapping {unknown}
 k - 3 scrolls of enchant armour {unknown}
 m - 3 scrolls of identify {unknown}
 o - 2 scrolls of teleportation {unknown}
 q - 3 scrolls of enchant weapon {unknown}
 r - a scroll of random uselessness {unknown}
Potions
 d - 2 potions of might
 h - 2 potions of heal wounds {unknown}
 j - a potion of lignification {unknown}
 l - 2 potions of degeneration {unknown}
 p - a potion of resistance {unknown}
 s - a potion of brilliance {unknown}
 t - a potion of haste {unknown}
 u - a potion of flight {unknown}
Comestibles
 f - 6 rations


   Skills:
 + Level 5.0 Fighting
 + Level 5.0 Long Blades
 + Level 5.8 Armour
 + Level 2.2 Dodging
 + Level 0.2 Stealth
 + Level 5.9 Shields


You had 6 spell levels left.
You didn't know any spells.
Your spell library was empty.

Dungeon Overview and Level Annotations

Branches:
Dungeon (4/15)
 Temple: D:4-7

Altars:
Dithmenos
Elyvilon
Yredelemnul


Innate Abilities, Weirdness & Mutations

You reflexively headbutt those who attack you in melee.
You have a pair of horns on your head.


Message History

The scorpion stings you.
The orc priest calls down the wrath of Beogh upon you.
Beogh smites you! You block the scorpion's attack.
The orc priest calls down the wrath of Beogh upon you.
Beogh smites you!
You feel sick. You block the scorpion's attack.
The orc priest mumbles some strange prayers to Beogh against you.
Pain shoots through your body!
* * * LOW HITPOINT WARNING * * *
You feel sick.
You feel sick.
You barely miss the orc priest. The scorpion stings you.
* * * LOW HITPOINT WARNING * * *
The orc priest miscasts a cantrip.
You hit the orc priest.
The orc priest is lightly wounded.
You feel sick. The scorpion closely misses you.
The orc priest mumbles some strange prayers to Beogh against you.
Beogh smites you!
You die...

#####.###### #..#########
...........# #..........#
...........#####.######.##
.................#.. #.#
...........#######.# #.#
...........# #.##.#.#
#.########## #.##.#.# #.#
#####.##.#)# #..
#.s@o....#.# ###
#.###.##.#.# #........#.#
#######.##.#.#
.........)...#
..#####.##.### #.##.#
..##.# #####.#


You could see a scorpion and an orc priest.

Vanquished Creatures
  A phantom (D:4)
  An ogre (D:4)
  A scorpion (D:4)
  A howler monkey (D:4)
  2 hounds (D:4)
  An orc wizard (D:4)
  An iguana (D:4)
  A worker ant (D:4)
  6 adders
  4 gnolls (D:4)
  7 worms
  3 dart slugs
  A leopard gecko (D:1)
  4 orcs (D:4)
  4 giant cockroaches
  6 goblins
  6 hobgoblins
  6 jackals (D:1)
  3 kobolds
  A quokka (D:2)
  2 ball pythons
  6 bats
  5 frilled lizards
  A quokka skeleton (D:4)
  5 rats
79 creatures vanquished.

Notes
Turn   | Place    | Note
-------+----------+-------------------------------------------
     0 | D:1      | Peloso the Minotaur Fighter began the quest for the Orb.
     0 | D:1      | Reached XP level 1. HP: 19/19 MP: 0/0
   168 | D:1      | Reached XP level 2. HP: 27/27 MP: 1/1
   669 | D:2      | Reached XP level 3. HP: 29/33 MP: 2/2
   939 | D:2      | Reached XP level 4. HP: 36/41 MP: 3/3
   979 | D:2      | Reached skill level 1 in Dodging
  2262 | D:4      | Found a white marble altar of Elyvilon.
  2312 | D:4      | Reached skill level 5 in Shields
  2312 | D:4      | Reached XP level 5. HP: 16/47 MP: 4/4
  2758 | D:4      | Noticed an ogre
  2767 | D:4      | Killed an ogre
  2767 | D:4      | Reached skill level 5 in Armour
  2767 | D:4      | Reached XP level 6. HP: 31/53 MP: 5/5
  2975 | D:4      | Found a basalt altar of Yredelemnul.
  3269 | D:4      | Found a shadowy altar of Dithmenos.
  3696 | D:4      | Reached XP level 7. HP: 59/60 MP: 6/6
  3813 | D:4      | Reached skill level 5 in Fighting
  3818 | D:4      | Reached skill level 5 in Long Blades
  3831 | D:4      | Killed from afar by an orc priest

Skill      XL: |  1  2  3  4  5  6  7 |
---------------+----------------------+-----
Fighting       | 4 5 |  5.0
Armour         | 4 5 |  5.8
Shields        | 4 5 |  5.9
Long Blades    | 3 4 5 |  5.0
Dodging        | 1 2 |  2.2
Stealth        | |  0.2

Action                   |  1- 3 |  4- 6 |  7- 9 || total
-------------------------+-------+-------+-------++-------
Melee: Long sword        |    84 |   160 |    24 ||   268
       Headbutt          |    11 |    26 |     4 ||    41
  Eat: Chunk             |       |    17 |       ||    17
Armor: Scale mail        |    47 |    34 |     6 ||    87
Dodge: Dodged            |    30 |    46 |    13 ||    89
Block: Shield            |    48 |    63 |     7 ||   118
       Rpst.: Long sword |    10 |    11 |     4 ||    25
